Map: Champ de stase EC

Players

BlueKing - Winner!

  • Race: Terran Terran
  • Spawn Location: 11:00

zidar

  • Race: Zerg Zerg
  • League: Gold
  • Spawn Location: 1:00

VOD

Have the link to the VOD?

Description

Time

  • Played on: Dec. 30, 2018, 2:44 p.m.
  • Length: 10:24
Show
View Real Time Build Order
Export as new Build Order

BlueKing Terran - Winner!

Build Orders: Liberator Opening 

Get SALT Encoding   

  12  0:00  SCV  
  13  0:13  SCV  
  14  0:18  Supply Depot  
  14  0:25  SCV  
  15  0:31  Refinery  
  15  0:40  SCV  
  16  0:45  Barracks  
  16  0:52  SCV  
  17  1:04  SCV  
  18  1:16  SCV  
  19  1:32  Orbital Command  
  19  1:39  Barracks Reactor  
  19  1:47  Command Center  
  19  2:02  SCV  
  19  2:07  Factory  
  20  2:11  Supply Depot  
  20  2:15  Marine x2  
  22  2:16  SCV  
  23  2:30  Refinery  
  23  2:32  Marine  
  23  2:33  Marine, SCV  
  26  2:45  SCV  
  26  2:50  Factory Tech Lab  
  27  2:53  Starport  
  27  2:54  Marine x2  
  27  2:57  SCV  
  30  3:01  Orbital Command  
  30  3:14  Siege Tank  
  33  3:21  SCV  
  34  3:30  Liberator  
  34  3:33  SCV  
  35  3:35  Marine x2  
  35  3:36  Supply Depot  
  35  3:38  SCV  
  38  3:46  SCV  
  42  3:50  SCV  
  42  3:52  Marine  
  42  3:53  Marine  
  45  3:59  Supply Depot  
  45  4:02  SCV x2  
  47  4:08  Siege Tank  
  50  4:10  Marine x2  
  52  4:19  SCV  
  52  4:20  SCV  
  54  4:25  Supply Depot  
  54  4:28  Marine x2  
  56  4:47  Marine x2  
  56  4:49  Siege Tank  
  56  4:50  SCV x2  
  63  4:54  Refinery  
  63  4:57  Refinery  
  63  4:59  Engineering Bay  
  63  5:04  Barracks  
  63  5:07  Barracks  
  63  5:27  Marine x2  
  65  5:29  Siege Tank  
  65  5:31  SCV x2  
  67  5:43  SCV x2  
  67  5:45  Marine  
  67  5:46  Supply Depot  
  70  5:50  Marine  
  73  5:59  Barracks Tech Lab  
  73  6:00  Barracks Tech Lab  
  71  6:10  Supply Depot  
  71  6:11  Terran Infantry Weapons Level 1  
  71  6:13  Supply Depot  
  71  6:15  SCV x2  
  73  6:27  SCV x2  
  75  6:36  Supply Depot  
  75  6:41  Marine x4, Supply Depot  
  75  6:43  Siege Tank  
  75  6:45  Combat Shield, Stimpack  
  82  6:49  SCV  
  83  6:54  Barracks  
  83  6:56  Barracks  
  83  6:58  Starport Reactor  
  83  6:59  Marine x4  
  87  7:01  SCV  
  88  7:16  Marine  
  88  7:17  Marine x3  
  92  7:32  Siege Tank  
  92  7:34  Marine x2  
  92  7:35  Marine x2  
  99  7:45  Medivac x2  
  103  7:52  Marine x4, Supply Depot  
  103  7:57  SCV  
  103  7:58  SCV  
  109  8:01  Supply Depot  
  109  8:03  Supply Depot  
  109  8:04  Siege Tank  
  112  8:07  Barracks Reactor  
  112  8:10  Marine x4  
  116  8:13  Barracks Reactor  
  116  8:15  Medivac x2  
  120  8:24  Supply Depot  
  120  8:28  Marine  
  121  8:40  Marine x3  
  124  8:43  Widow Mine  
  124  8:45  Medivac x2  
  124  8:46  Marine  
  131  8:58  Marine x3  
  134  9:04  Marine  
  134  9:09  Siege Tank  
  138  9:10  Marine x4  
  138  9:16  Marine x3  
  145  9:21  Marine  
  146  9:27  Marine  
  146  9:28  Marine x3  
  150  9:40  Supply Depot  
  150  9:41  Supply Depot x2  
  150  9:42  Supply Depot  
  150  10:01  Marine x5  
  150  10:02  Marine x3  
Show
View Real Time Build Order
Export as new Build Order

zidar Zerg 

Build Orders: Hatch First, Muta Ling Bane 

Get SALT Encoding   

  12  0:02  Drone  
  13  0:13  Overlord  
  13  0:18  Drone  
  14  0:31  Drone x2  
  14  0:35  Drone  
  17  0:56  Hatchery  
  16  0:59  Drone  
  16  1:02  Extractor  
  16  1:10  Drone  
  17  1:21  Spawning Pool  
  16  1:30  Drone  
  16  1:31  Drone  
  18  1:36  Overlord  
  18  1:42  Drone  
  19  2:07  Metabolic Boost  
  19  2:09  Queen  
  19  2:11  Queen  
  23  2:17  Zergling x2  
  23  2:19  Zergling x2  
  25  2:27  Drone  
  26  2:33  Drone x2  
  28  2:39  Drone  
  28  2:54  Drone x2  
  28  2:55  Drone x2  
  28  2:58  Overlord  
  32  3:15  Baneling Nest  
  32  3:16  Queen  
  34  3:48  Drone  
  34  3:49  Drone x3  
  34  3:52  Hatchery  
  34  3:53  Lair  
  36  4:01  Baneling  
  36  4:18  Evolution Chamber  
  36  4:23  Evolution Chamber  
  34  4:26  Extractor  
  34  4:28  Extractor  
  32  4:39  Drone x7  
  32  4:45  Extractor, Zerg Ground Armor Level 1  
  38  4:49  Zerg Melee Weapons Level 1  
  31  5:18  Drone  
  31  5:19  Drone x12  
  42  6:01  Zergling x16  
  50  6:20  Overlord x3  
  50  6:21  Overlord x2  
  50  6:27  Centrifical Hooks  
  49  6:35  Baneling x2  
  49  6:36  Baneling x2  
  49  6:45  Zerg Melee Weapons Level 2  
  49  6:46  Zerg Ground Armor Level 2  
  49  6:59  Drone x6  
  55  7:11  Infestation Pit  
  54  7:17  Zergling x20  
  64  7:33  Queen  
  64  7:35  Drone  
  64  7:36  Drone x7  
  74  7:41  Baneling x12  
  74  7:54  Spire  
  73  7:59  Extractor  
  73  8:01  Extractor  
  71  8:11  Zergling x4  
  71  8:12  Zergling x16  
  81  8:18  Drone  
  81  8:19  Drone x3  
  85  8:57  Pneumatized Carapace  
  85  9:03  Drone x3  
  85  9:04  Drone  
  85  9:08  Overlord  
  85  9:09  Overlord x3  
  89  9:37  Mutalisk x11  
Tags
 
Add a new tag
Caveats
  • Supply blocks, unpowered buildings, or Contaminate may cause inaccurate times.
  • Supply counts are checked every 10 seconds.